Map: Frozen Temple

Players

Fropez

  • Race: Protoss Protoss
  • League: Silver
  • Spawn Location: 11:00

GeneMachine - Winner!

  • Race: Terran Terran
  • League: Gold
  • Spawn Location: 5:00

VOD

Have the link to the VOD?

Description

Time

  • Played on: May 21, 2016, 10:37 p.m.
  • Length: 10:29
Show
View Real Time Build Order
Export as new Build Order

Fropez Protoss 

Build Orders:  

Get SALT Encoding   

  12  0:01  Probe (Chrono Boost)  
  13  0:16  Pylon  
  13  0:20  Probe (Chrono Boost)  
  14  0:30  Probe (Chrono Boost)  
  15  0:36  Gateway  
  15  0:41  Probe (Chrono Boost)  
  16  0:51  Probe (Chrono Boost), Assimilator  
  17  1:02  Probe (Chrono Boost)  
  18  1:12  Probe (Chrono Boost)  
  19  1:18  Pylon  
  19  1:23  Probe (Chrono Boost)  
  20  1:28  Pylon  
  20  1:31  Cybernetics Core  
  20  1:33  Probe (Chrono Boost)  
  20  1:38  Assimilator  
  21  1:44  Probe (Chrono Boost)  
  22  1:52  Pylon  
  22  1:54  Probe (Chrono Boost)  
  23  2:05  Probe (Chrono Boost)  
  23  2:06  Forge  
  24  2:16  Warp Gate (Chrono Boost), Mothership Core (Chrono Boost)  
  26  2:24  Stalker  
  28  2:34  Probe (Chrono Boost)  
  29  2:41  Pylon  
  29  2:43  Protoss Ground Weapons Level 1 (Chrono Boost)  
  29  2:45  Probe (Chrono Boost)  
  30  2:54  Stalker  
  32  3:01  Probe  
  33  3:13  Probe  
  33  3:15  Pylon  
  34  3:24  Stalker  
  34  3:25  Probe  
  37  3:34  Gateway  
  37  3:37  Probe  
  37  3:38  Gateway  
  38  3:49  Probe  
  39  4:01  Probe  
  40  4:06  Twilight Council  
  40  4:10  Pylon  
  40  4:13  Probe  
  40  4:15  Pylon  
  41  4:25  Probe  
  42  4:36  Stalker x2  
  42  4:37  Stalker  
  42  4:38  Probe  
  49  4:44  Blink (Chrono Boost)  
  49  4:45  Protoss Ground Weapons Level 2 (Chrono Boost)  
  49  4:50  Probe  
  49  5:24  Stalker x3  
  53  5:43  Nexus  
  46  5:50  Stalker x3  
  52  6:09  Pylon  
  52  6:34  Assimilator  
  52  6:51  Stalker x3  
  52  6:54  Probe  
  58  6:55  Probe  
  60  7:10  Robotics Facility  
  60  7:13  Probe  
  60  7:14  Probe  
  62  7:16  Photon Cannon  
  62  7:20  Assimilator  
  62  7:24  Probe  
  62  7:27  Protoss Ground Armor Level 1  
  63  7:40  Probe  
  63  7:41  Probe  
  59  8:02  Stalker  
  59  8:03  Stalker x2  
  51  8:38  Stalker  
  51  8:39  Stalker x2  
  43  9:08  Stalker x3  
  49  9:23  Pylon  
  49  9:27  Pylon  
  49  9:28  Pylon  
  49  9:32  Pylon  
  49  9:37  Stalker  
  49  9:38  Stalker x2  
  55  9:48  Probe x2  
  57  10:01  Probe  
  57  10:02  Probe, Gateway x2  
Show
View Real Time Build Order
Export as new Build Order

GeneMachine Terran - Winner!

Build Orders:  

Get SALT Encoding   

  12  0:01  SCV  
  13  0:13  SCV  
  14  0:23  Supply Depot  
  14  0:25  SCV  
  15  0:45  SCV, Barracks  
  16  0:58  SCV  
  16  1:02  Refinery  
  17  1:10  SCV  
  18  1:22  SCV  
  19  1:34  SCV, Barracks  
  19  1:36  Supply Depot  
  20  1:46  SCV  
  21  1:49  Reaper  
  22  2:01  Orbital Command  
  22  2:07  Refinery  
  22  2:25  Factory  
  22  2:34  SCV  
  23  2:43  Marine  
  24  2:46  SCV  
  25  2:58  SCV  
  25  3:03  Marine x2  
  28  3:09  Command Center  
  28  3:13  Factory Tech Lab  
  28  3:17  SCV  
  28  3:18  Engineering Bay  
  29  3:21  Marine  
  29  3:23  Barracks Tech Lab  
  30  3:28  Starport  
  30  3:29  SCV  
  30  3:33  Supply Depot  
  31  3:49  Missile Turret  
  31  3:55  Marine  
  32  3:57  Marine  
  33  4:05  Medivac  
  35  4:13  Marine, Missile Turret  
  35  4:14  Siege Tank  
  39  4:20  Marine  
  40  4:30  Marine  
  41  4:35  Medivac  
  43  4:38  Marine  
  43  4:42  Missile Turret  
  43  4:44  Stimpack  
  44  4:48  Marine  
  44  4:51  Engineering Bay  
  44  4:52  Supply Depot  
  45  4:55  SCV  
  45  4:57  Marauder  
  48  5:06  Siege Tank, Marine  
  52  5:17  Marine  
  53  5:23  SCV  
  53  5:24  Marine, SCV  
  56  5:35  Marine  
  56  5:36  SCV x2  
  56  5:38  Siege Tank  
  56  5:42  Marine  
  62  6:16  SCV, Orbital Command  
  62  6:17  Refinery  
  62  6:18  Refinery  
  62  6:36  Terran Infantry Weapons Level 1  
  62  6:38  Supply Depot  
  62  7:00  Marine, SCV x2, Siege Tank, Medivac  
  70  7:03  Supply Depot  
  70  7:09  Barracks, Terran Infantry Armor Level 1  
  70  7:20  Supply Depot  
  70  7:24  Marine  
  70  7:25  SCV x2, Marauder  
  75  7:30  Supply Depot  
  77  7:37  SCV x2  
  77  7:41  Siege Tank  
  77  7:42  Marine  
  81  7:46  Marauder  
  81  7:49  SCV x2  
  83  8:00  Marine  
  83  8:01  SCV  
  84  8:07  Marine  
  85  8:18  Marine  
  84  8:32  Marine, Marauder  
  84  8:33  Siege Tank  
  84  8:34  Medivac  
  86  8:36  Marine  
  86  8:49  Marine  
  86  8:53  Marine  
  86  8:54  Marauder  
  83  8:56  Concussive Shells  
  83  8:59  Barracks  
  83  9:00  Supply Depot  
  82  9:07  Marine  
  82  9:08  Medivac  
  85  9:15  Marauder  
  87  9:22  SCV  
  87  9:23  SCV  
  89  9:27  Command Center  
  89  9:29  Supply Depot  
  89  9:34  SCV, Armory  
  89  9:35  SCV  
  89  9:37  Marauder  
  93  9:41  Marine x2  
  95  9:46  SCV  
  95  9:48  Barracks Tech Lab  
  95  9:51  Starport Reactor, Barracks  
  96  9:53  Siege Tank  
  96  9:58  SCV, Supply Depot, Marauder  
  96  9:59  Marine x2  
  104  10:01  Supply Depot  
  106  10:24  Barracks Reactor  
Tags
 
Matchup
PvT
Replay Pack
All Mines
Spawn Locations
Cross Positions
Add a new tag
Caveats
  • Supply blocks, unpowered buildings, or Contaminate may cause inaccurate times.
  • Supply counts are checked every 10 seconds.